[Event "November 21 Late 2023"]
[Site "https://www.chess.com"]
[Date "2023.11.21"]
[Round "6"]
[White "Muradli, Mahammad"]
[Black "Carlsen, Magnus"]
[Result "1/2-1/2"]
[Board "3"]
[TimeControl "180+1"]
[WhiteFideId "13409301"]
[BlackFideId "1503014"]
[WhiteElo "2551"]
[BlackElo "2887"]
[WhiteTeam "AZE"]
[BlackTeam "NOR"]
[WhiteClock "0:00:03"]
[BlackClock "0:00:19"]

1. Nf3 Nf6 2. c4 a5 3. h4 b6 4. g3 Bb7 5. Bg2 e6 6. O-O Be7 7. Nc3 O-O 8. Re1 d5 9. cxd5 exd5 10. d4 Na6 11. Bf4 Re8 12. Rc1 c5 13. e3 Bf8 14. Ne5 Nc7 15. g4 Ne6 16. Bg3 Rc8 17. g5 cxd4 18. exd4 Ne4 19. Nxe4 Rxc1 20. Qxc1 dxe4 21. Bxe4 Bxe4 22. Rxe4 Nxd4 23. Qc4 Ne6 24. Re3 Bc5 25. Rd3 Qc8 26. Rd7 Rf8 27. Qd5 Rd8 28. h5 Rxd7 29. Nxd7 Bd4 30. g6 hxg6 31. hxg6 Qe8 32. Be5 Bxe5 33. Nxe5 fxg6 34. Nc4 Kh7 35. Qh1+ Kg8 36. Qd5 g5 37. Nxb6 Qg6 38. Nd7 Qf7 39. Ne5 Qf5 40. Qa8+ Kh7 41. Qh1+ Kg8 42. Qa8+ Kh7 43. Qh1+ Kg8 44. Qa8+ 1/2-1/2

[Event "November 21 Late 2023"]
[Site "https://www.chess.com"]
[Date "2023.11.21"]
[Round "6"]
[White "Deac, Bogdan-Daniel"]
[Black "Le, Quang Liem"]
[Result "0-1"]
[Board "4"]
[TimeControl "180+1"]
[WhiteFideId "1226380"]
[BlackFideId "12401137"]
[WhiteElo "2641"]
[BlackElo "2665"]
[WhiteTeam "ROU"]
[BlackTeam "VIE"]
[WhiteClock "0:00:00"]
[BlackClock "0:00:05"]

1. e4 c5 2. h3 Nc6 3. Bb5 g6 4. Bxc6 bxc6 5. Ne2 Bg7 6. d3 d6 7. O-O Nf6 8. f4 c4 9. Nbc3 cxd3 10. cxd3 O-O 11. Be3 c5 12. f5 Rb8 13. Qd2 Ba6 14. Rad1 Nd7 15. b3 Ne5 16. d4 cxd4 17. Bxd4 Qd7 18. Nd5 Qb7 19. f6 exf6 20. Nxf6+ Kh8 21. Rf2 Rbc8 22. Nc3 Qb4 23. Nfd5 Qa5 24. Qe3 Bb7 25. Kh1 Bxd5 26. Nxd5 a6 27. Bc3 Qb5 28. Bd4 Qb7 29. a4 Rce8 30. Qg3 f5 31. Bb2 fxe4 32. Rxf8+ Rxf8 33. Kh2 Nf3+ 34. gxf3 Bxb2 35. f4 Bg7 36. Qe3 Rb8 37. b4 Qc6 38. Qxe4 Qxa4 39. Re1 Rf8 40. Re2 Qb3 41. Re3 Qa2+ 42. Re2 Qa1 43. Qd3 Qf1 44. Qe3 Rc8 45. Rf2 Qc4 46. Rd2 Qb5 47. Qe2 Qb7 48. Qd3 Rf8 49. Kg3 Qc6 50. Rc2 Qa4 51. Rc7 Qa1 52. Rc2 Qe1+ 53. Kg2 Re8 54. Rd2 Qc1 55. Rc2 Qe1 56. Rd2 Rc8 57. Rc2 Rf8 58. Re2 Qa1 59. Qe4 Qd1 60. Rf2 Qc1 61. f5 gxf5 62. Rxf5 Rg8 0-1

[Event "November 21 Late 2023"]
[Site "https://www.chess.com"]
[Date "2023.11.21"]
[Round "6"]
[White "Theodorou, Nikolas"]
[Black "Bortnyk, Mykola"]
[Result "1-0"]
[Board "5"]
[TimeControl "180+1"]
[WhiteFideId "4262875"]
[BlackFideId "14120836"]
[WhiteElo "2525"]
[BlackElo "2592"]
[WhiteTeam "GRE"]
[BlackTeam "UKR"]
[WhiteClock "0:00:27"]
[BlackClock "0:00:05"]

1. Nf3 c5 2. b3 d5 3. Bb2 f6 4. e4 dxe4 5. Nh4 g6 6. Nc3 e5 7. Nxe4 f5 8. Bb5+ Bd7 9. Bxd7+ Nxd7 10. Nxf5 gxf5 11. Qh5+ Ke7 12. Qxf5 Bg7 13. Ng5 Nh6 14. Qe6+ Kf8 15. Qd6+ Ke8 16. Ne6 Qe7 17. Nc7+ Kf8 18. Ne6+ Kf7 19. Qxe7+ Kxe7 20. Nxg7 Rhg8 21. Nh5 Rxg2 22. f4 Rf8 23. fxe5 Ng4 24. O-O-O Nf2 25. Rhg1 Rxh2 26. Rg7+ Kd8 27. e6 Nxd1 28. e7+ Kc8 29. exf8=Q+ Nxf8 30. Kxd1 Rxh5 31. Rg8 Rf5 32. Bg7 Kd7 33. Rxf8 Rg5 34. Rf7+ Kc6 35. Bc3 h5 36. Rh7 b5 37. a3 a6 38. b4 cxb4 39. axb4 Rg1+ 40. Ke2 Rh1 41. Kf2 Rh4 42. Kg3 Rg4+ 43. Kf3 Rh4 44. Rh6+ Kb7 45. Kg3 Rg4+ 46. Kh3 a5 47. Rxh5 1-0

[Event "November 21 Late 2023"]
[Site "https://www.chess.com"]
[Date "2023.11.21"]
[Round "6"]
[White "Krzyzanowski, Marcin"]
[Black "Grischuk, Alexander"]
[Result "0-1"]
[Board "6"]
[TimeControl "180+1"]
[WhiteFideId "1132199"]
[BlackFideId "4126025"]
[WhiteElo "2471"]
[BlackElo "2699"]
[WhiteTeam "POL"]
[BlackTeam "RUS"]
[WhiteClock "0:00:01"]
[BlackClock "0:00:04"]

1. e4 e5 2. Nf3 Nc6 3. Bc4 Bc5 4. c3 Nf6 5. d3 O-O 6. O-O d5 7. exd5 Nxd5 8. Re1 Bg4 9. h3 Bh5 10. a4 a5 11. Nbd2 Nb6 12. Bb5 Bd6 13. Ne4 Na7 14. Ng3 Bg6 15. Bc4 Nxc4 16. dxc4 Nc6 17. Bg5 f6 18. Be3 Be7 19. Nh4 Qxd1 20. Raxd1 Bf7 21. Nhf5 Rfd8 22. Nxe7+ Nxe7 23. b3 Bg6 24. Rc1 Nc6 25. f4 h5 26. f5 Bh7 27. h4 Rd3 28. Nxh5 Bxf5 29. Ng3 Bh7 30. Bf2 Rad8 31. Nf1 Kf7 32. Ne3 Be4 33. Nc2 f5 34. Na3 Rd2 35. Nb5 R8d7 36. h5 g6 37. hxg6+ Kxg6 38. Re3 Rb2 39. Rg3+ Kf6 40. Rh3 Rxb3 41. Bh4+ Kg6 42. Rg3+ Kf7 43. Rf1 Rb2 44. Rg5 Rdd2 45. Bf2 Bd3 46. Be3 Bxf1 47. Bxd2 Bxc4 48. Rxf5+ Ke6 49. Rf2 Bxb5 50. axb5 Rxb5 51. g4 e4 52. g5 Ne5 53. Rf6+ Ke7 54. Kg2 Nf3 55. Bf4 Nxg5 56. Rh6 Ne6 57. Rh7+ Kf6 58. Bxc7 Nxc7 59. Rxc7 Ke5 60. Kf2 a4 61. Ke3 a3 62. Re7+ Kd6 63. Rxe4 Ra5 64. Rd4+ Kc5 65. Rd1 Kc4 66. Ra1 Kxc3 67. Rc1+ Kb2 68. Rc7 a2 69. Rxb7+ Ka3 70. Kd3 a1=Q 71. Kc4 Qc1+ 0-1

[Event "November 21 Late 2023"]
[Site "https://www.chess.com"]
[Date "2023.11.21"]
[Round "6"]
[White "mind1mover"]
[Black "Martinez Alcantara, Jose Eduardo"]
[Result "0-1"]
[Board "7"]
[TimeControl "180+1"]
[BlackFideId "3805662"]
[WhiteElo "2879"]
[BlackElo "2703"]
[BlackTeam "PER"]
[WhiteClock "0:00:00"]
[BlackClock "0:00:06"]

1. Nf3 c5 2. b3 Nf6 3. Bb2 g6 4. g3 Bg7 5. Bg2 d5 6. O-O d4 7. c3 Nc6 8. cxd4 cxd4 9. e3 dxe3 10. dxe3 O-O 11. Na3 Qa5 12. Nc4 Qh5 13. Nd4 Bg4 14. f3 Bd7 15. Qe2 Nxd4 16. Bxd4 Bb5 17. a4 Ba6 18. Rac1 Rac8 19. Qb2 b6 20. Rfe1 Bxc4 21. bxc4 Ne8 22. Qb5 Qh6 23. c5 Bxd4 24. exd4 e6 25. f4 Qg7 26. Red1 Rb8 27. c6 Nc7 28. Qe5 Rbc8 29. Qxg7+ Kxg7 30. d5 exd5 31. Bxd5 Na6 32. Bf3 Nc5 33. a5 Rc7 34. axb6 axb6 35. Rb1 Rb8 36. h4 h5 37. Rb5 Kf8 38. Rdb1 Na4 39. R1b4 Ra7 40. c7 Rc8 41. Rc4 Rcxc7 42. Rxc7 Rxc7 43. Rb4 Ra7 44. Rb5 Ke7 45. Rb4 Kd6 46. Bd1 Nc3 47. Bf3 Kc5 48. Rb3 Nb5 49. Be2 Nd4 50. Rc3+ Kd5 51. Rd3 Ra1+ 52. Kf2 Ra2 0-1

[Event "November 21 Late 2023"]
[Site "https://www.chess.com"]
[Date "2023.11.21"]
[Round "6"]
[White "Nihal Sarin"]
[Black "Bazeev, German"]
[Result "1-0"]
[Board "8"]
[TimeControl "180+1"]
[WhiteFideId "25092340"]
[BlackFideId "24119350"]
[WhiteElo "2689"]
[BlackElo "2418"]
[WhiteTeam "IND"]
[BlackTeam "RUS"]
[WhiteClock "0:02:13"]
[BlackClock "0:00:29"]

1. Nf3 Nf6 2. b3 d5 3. Bb2 c6 4. e3 Bg4 5. c4 Nbd7 6. h3 Bxf3 7. Qxf3 e6 8. Nc3 a6 9. d4 b5 10. cxd5 cxd5 11. Bd3 Rc8 12. O-O Be7 13. Rfc1 O-O 14. Qd1 Qa5 15. Rc2 Ba3 16. Bxa3 Qxa3 17. Rac1 Qa5 18. Nxd5 Rxc2 19. Ne7+ Kh8 20. Qxc2 Qa3 21. Nc6 g6 22. Na7 Nd5 23. Qd2 Qb4 24. Qb2 Kg8 25. Nc6 Qd6 26. e4 Nf4 27. Bf1 Nb8 28. Ne5 Rd8 29. g3 Nh5 30. Ng4 Nd7 31. d5 e5 32. Rc6 Qb4 33. Nxe5 Ndf6 34. g4 Qxe4 35. gxh5 Nxd5 36. hxg6 hxg6 37. Ng4 1-0

[Event "November 21 Late 2023"]
[Site "https://www.chess.com"]
[Date "2023.11.21"]
[Round "6"]
[White "Beerdsen, Thomas"]
[Black "Andreikin, Dmitry"]
[Result "0-1"]
[Board "9"]
[TimeControl "180+1"]
[WhiteFideId "1030108"]
[BlackFideId "4158814"]
[WhiteElo "2550"]
[BlackElo "2741"]
[WhiteTeam "NED"]
[BlackTeam "FID"]
[WhiteClock "0:00:25"]
[BlackClock "0:00:31"]

1. e4 c5 2. Nf3 e6 3. d4 cxd4 4. Bg5 Qc7 5. Qxd4 Nc6 6. Qe3 Nge7 7. Bd3 Ng6 8. Qd2 Bc5 9. Nc3 d6 10. h4 Nge5 11. h5 h6 12. Be3 Bxe3 13. Qxe3 a6 14. O-O-O Bd7 15. Kb1 Rc8 16. g4 Nxg4 17. Qe2 Qb6 18. Rhg1 Nxf2 19. Rdf1 Nxd3 20. Qxd3 Na5 21. Rxg7 Nc4 22. b3 Na3+ 23. Kb2 Bb5 24. Qd2 Bxf1 25. Kxa3 Qc5+ 26. Kb2 Qxc3+ 27. Qxc3 Rxc3 28. Kxc3 Be2 29. Rg3 Ke7 30. Kd2 Bxf3 31. Rxf3 Rg8 32. Rc3 Rg2+ 33. Kd1 b5 34. Rc6 Rh2 35. Rxa6 Rxh5 36. a4 bxa4 37. bxa4 Re5 38. Ra8 Rxe4 39. a5 h5 40. a6 Ra4 41. Kd2 h4 42. Kc3 h3 43. Kb3 Ra1 44. Kb2 h2 45. Rh8 h1=Q 46. Rxh1 Rxh1 47. a7 Rh8 48. a8=Q Rxa8 0-1

[Event "November 21 Late 2023"]
[Site "https://www.chess.com"]
[Date "2023.11.21"]
[Round "6"]
[White "Yeletsky, Ivan"]
[Black "Erigaisi Arjun"]
[Result "0-1"]
[Board "10"]
[TimeControl "180+1"]
[WhiteFideId "24180327"]
[BlackFideId "35009192"]
[WhiteElo "2358"]
[BlackElo "2729"]
[WhiteTeam "RUS"]
[BlackTeam "IND"]
[WhiteClock "0:00:07"]
[BlackClock "0:00:52"]

1. e4 c6 2. d4 d5 3. Nc3 dxe4 4. Nxe4 Bf5 5. Ng3 Bg6 6. h4 h6 7. Bd3 Qxd4 8. Nf3 Qd6 9. Bxg6 Qxg6 10. Bf4 Qe6+ 11. Kd2 Qd5+ 12. Kc1 Qxd1+ 13. Rxd1 Nf6 14. a4 e6 15. a5 Na6 16. Ra4 Bc5 17. Rd2 Rd8 18. Be5 Ke7 19. Re2 Rd5 20. Rf4 Rhd8 21. c3 Bd6 22. Bxf6+ gxf6 23. Nf5+ Kf8 24. Nxd6 R8xd6 25. Rxf6 Kg7 26. Rf4 Rxa5 27. Ne5 f5 28. g4 Nc5 29. Kc2 Ra1 30. gxf5 Rdd1 31. f6+ Kh7 32. b3 Rac1+ 33. Kb2 Rb1+ 34. Kc2 Nxb3 35. Ra4 Rdc1+ 36. Kd3 Nc5+ 37. Kd4 Nxa4 38. f7 Rd1+ 39. Ke3 Rd8 40. Rd2 Re1+ 41. Kf4 Rxd2 0-1

[Event "November 21 Late 2023"]
[Site "https://www.chess.com"]
[Date "2023.11.21"]
[Round "6"]
[White "Pakleza, Zbigniew"]
[Black "Firouzja, Alireza"]
[Result "1/2-1/2"]
[Board "11"]
[TimeControl "180+1"]
[WhiteFideId "1119290"]
[BlackFideId "12573981"]
[WhiteElo "2410"]
[BlackElo "2896"]
[WhiteTeam "POL"]
[BlackTeam "FRA"]
[WhiteClock "0:00:02"]
[BlackClock "0:00:06"]

1. d4 a6 2. e4 c6 3. Nf3 d5 4. Nc3 Bg4 5. h3 Bh5 6. Be2 e6 7. O-O Nd7 8. Bf4 Bb4 9. a3 Ba5 10. b4 Bc7 11. Bxc7 Qxc7 12. e5 Ne7 13. Nd2 Bxe2 14. Nxe2 O-O 15. c4 dxc4 16. Nxc4 Nb6 17. Nd6 Rad8 18. Ng3 Nbc8 19. Nde4 Ng6 20. Qg4 Qe7 21. Rad1 Qh4 22. Qxh4 Nxh4 23. Nc5 b5 24. Nxa6 Nb6 25. Nc5 Nc4 26. a4 bxa4 27. Nxa4 Rb8 28. Nc5 Rxb4 29. Rb1 Rb5 30. Nge4 Nf5 31. Rxb5 cxb5 32. Nb3 Rd8 33. Ra1 h6 34. Ra7 Nxd4 35. Nbc5 Nxe5 36. Rb7 Nec6 37. Nd7 b4 38. Nec5 Ra8 39. g4 Ra7 40. Rb6 b3 41. Kg2 Ne7 42. Rb8+ Kh7 43. Nf8+ Kg8 44. Nfd7+ Kh7 45. Nf8+ Kg8 46. Nfd7+ 1/2-1/2

[Event "November 21 Late 2023"]
[Site "https://www.chess.com"]
[Date "2023.11.21"]
[Round "6"]
[White "Bortnyk, Olexandr"]
[Black "Xu, Yi"]
[Result "1-0"]
[Board "12"]
[TimeControl "180+1"]
[WhiteFideId "14120828"]
[BlackFideId "8605564"]
[WhiteElo "2725"]
[BlackElo "2460"]
[WhiteTeam "UKR"]
[BlackTeam "CHN"]
[WhiteClock "0:01:09"]
[BlackClock "0:00:00"]

1. e4 e5 2. Nf3 Nf6 3. Nxe5 d6 4. Nf3 Nxe4 5. Bd3 Nf6 6. O-O Be7 7. c3 O-O 8. Bc2 d5 9. h3 Bd6 10. d4 Re8 11. Bg5 h6 12. Bh4 Nbd7 13. Nbd2 Nf8 14. Re1 Rxe1+ 15. Qxe1 Ng6 16. Bxf6 Qxf6 17. Qe8+ Nf8 18. c4 c6 19. cxd5 cxd5 20. Bb3 Rb8 21. Bxd5 Bxh3 22. Qxf7+ Qxf7 23. Bxf7+ Kxf7 24. gxh3 Rc8 25. Ne4 Bf4 26. Nc3 Ne6 27. Re1 Rd8 28. Re4 Bd6 29. h4 a6 30. Kf1 Nc7 31. a3 Re8 32. Ke2 Rxe4+ 33. Nxe4 Bf4 34. Kd3 b5 35. Nc5 Kf6 36. Ke4 Bc1 37. Nd3 1-0

[Event "November 21 Late 2023"]
[Site "https://www.chess.com"]
[Date "2023.11.21"]
[Round "6"]
[White "Paravyan, David"]
[Black "Szpar, Milosz"]
[Result "0-1"]
[Board "13"]
[TimeControl "180+1"]
[WhiteFideId "4194985"]
[BlackFideId "1184989"]
[WhiteElo "2566"]
[BlackElo "2446"]
[WhiteTeam "FID"]
[BlackTeam "POL"]
[WhiteClock "0:00:03"]
[BlackClock "0:00:17"]

1. e4 e6 2. d4 d5 3. Nc3 Nf6 4. Bg5 dxe4 5. Nxe4 Be7 6. Nxf6+ Bxf6 7. Bxf6 Qxf6 8. Nf3 c5 9. Bb5+ Bd7 10. Qe2 O-O 11. O-O-O cxd4 12. Bxd7 Nxd7 13. Rxd4 Nb6 14. Qe5 Qg6 15. Qg3 Qxg3 16. hxg3 f6 17. Rhd1 e5 18. Rd6 Rac8 19. c3 Kf7 20. Kc2 Rc7 21. g4 Re8 22. g5 e4 23. Nd4 fxg5 24. Nb5 Rce7 25. R6d4 Nc8 26. Rc4 a6 27. Rxc8 axb5 28. Rc5 Re5 29. Rd7+ Kf6 30. Rxe5 Rxe5 31. Rxb7 Rf5 32. Rb6+ Kf7 33. Kd1 Rxf2 34. Rxb5 Rxg2 35. a4 h5 36. a5 h4 37. Rb7+ Kg6 38. Rb8 h3 39. Rh8 h2 40. b4 Rg1+ 41. Ke2 h1=Q 42. Rxh1 Rxh1 43. a6 Ra1 44. b5 Ra5 45. c4 Kf5 46. Kd2 g4 47. Kc3 g3 48. Kb4 Ra1 49. c5 g2 0-1

[Event "November 21 Late 2023"]
[Site "https://www.chess.com"]
[Date "2023.11.21"]
[Round "6"]
[White "Tatarinov, Dmitry"]
[Black "Khismatullin, Denis"]
[Result "0-1"]
[Board "14"]
[TimeControl "180+1"]
[WhiteFideId "24160067"]
[BlackFideId "4142578"]
[WhiteElo "2344"]
[BlackElo "2552"]
[WhiteTeam "RUS"]
[BlackTeam "RUS"]
[WhiteClock "0:00:00"]
[BlackClock "0:00:10"]

1. d4 Nf6 2. c4 e6 3. Nc3 d5 4. cxd5 exd5 5. Bg5 c6 6. e3 h6 7. Bf4 Bd6 8. Bxd6 Qxd6 9. Bd3 O-O 10. Qc2 Re8 11. Nge2 Bg4 12. O-O Bxe2 13. Bxe2 Nbd7 14. Rab1 a5 15. a3 h5 16. b4 axb4 17. axb4 b5 18. Bf3 Nb6 19. e4 dxe4 20. Nxe4 Nxe4 21. Bxe4 Nc4 22. Rb3 Rad8 23. Rd1 g6 24. h4 Qf6 25. Rf3 Qe6 26. Rf4 Re7 27. g3 Qd6 28. d5 Nb6 29. Qc5 Na4 30. Qc2 Re5 31. Bf3 cxd5 32. Rfd4 Nb6 33. Qc5 Rf5 34. Kg2 Qf6 35. R4d3 d4 36. Qc7 Nc4 37. Re1 Ne5 38. Rxe5 Rxe5 39. Ra3 Qe7 40. Qc2 Qxb4 41. Ra7 Qc4 42. Qd2 d3 43. Rb7 Rde8 44. Qh6 Rf5 45. Rd7 Rxf3 46. Kxf3 Qc6+ 0-1

[Event "November 21 Late 2023"]
[Site "https://www.chess.com"]
[Date "2023.11.21"]
[Round "6"]
[White "Margvelashvili, Giorgi"]
[Black "Chigaev, Maksim"]
[Result "1/2-1/2"]
[Board "15"]
[TimeControl "180+1"]
[WhiteFideId "13602926"]
[BlackFideId "4108116"]
[WhiteElo "2549"]
[BlackElo "2561"]
[WhiteTeam "GEO"]
[BlackTeam "ESP"]
[WhiteClock "0:00:14"]
[BlackClock "0:00:09"]

1. Nf3 Nf6 2. c4 g6 3. b4 Bg7 4. Bb2 O-O 5. e3 d6 6. d4 c5 7. a3 Bf5 8. Be2 Nc6 9. d5 Nb8 10. bxc5 Qa5+ 11. Nbd2 Qxc5 12. O-O Na6 13. Nd4 Bd7 14. Rc1 Qb6 15. Nb5 Nc5 16. Bd4 a6 17. Nc3 Qc7 18. Rb1 Rab8 19. Rb2 Rfc8 20. Qa1 e5 21. dxe6 Nxe6 22. Bxf6 Bxf6 23. Nd5 Qd8 24. Nxf6+ Qxf6 25. Bf3 Nc5 26. Bd5 b5 27. h3 Na4 28. Rb3 Qxa1 29. Rxa1 Kg7 30. cxb5 axb5 31. Rb4 Rc2 32. Ne4 Nc5 33. Nxd6 Rd2 34. Rd4 Rxd4 35. exd4 Ne6 36. Bxe6 Bxe6 37. Rb1 Ra8 38. Nxb5 Bc4 39. Nd6 Bd5 40. Ra1 Ra4 41. Nb5 Bc6 42. Nc3 Rxd4 43. Rc1 Bb7 44. f3 Rd3 45. a4 Rd4 46. a5 Ba6 47. Ne4 Ra4 48. Rc5 Ra1+ 49. Kh2 Ra2 50. Ng3 h5 51. h4 Bb7 52. Nf1 Bxf3 53. Ne3 Bb7 54. Kg3 Be4 55. Kf4 Ba8 56. g3 Ra4+ 57. Nc4 Bb7 58. Ke5 Ba6 59. Nd6 Ra3 60. Rc7 Rxa5+ 61. Kd4 Ra4+ 62. Kc5 Kg8 63. Rxf7 Ra3 64. Rf6 Rxg3 65. Kd4 Kg7 66. Ke5 Re3+ 67. Kf4 Kxf6 68. Kxe3 Ke6 69. Ne4 Kf5 70. Nf2 Bb5 71. Kf3 Bc6+ 72. Kg3 Be4 73. Nh3 Ke5 74. Ng5 Bf5 75. Nh7 Ke6 76. Ng5+ Kf6 77. Nf3 Be4 78. Ng5 Kf5 79. Nh7 Bd5 80. Ng5 Bc6 81. Nh3 Bh1 82. Ng5 Ba8 83. Nh7 Bb7 84. Ng5 Ba6 85. Nh3 Bb5 86. Ng5 Ba4 87. Nh3 Bc2 88. Ng5 Bd3 89. Nh7 Bc4 90. Ng5 Bb5 91. Nh7 Bf1 92. Ng5 Be2 93. Nh7 1/2-1/2

[Event "November 21 Late 2023"]
[Site "https://www.chess.com"]
[Date "2023.11.21"]
[Round "6"]
[White "Ibarra Jerez, Jose Carlos"]
[Black "Ghasi, Ameet K"]
[Result "1-0"]
[Board "16"]
[TimeControl "180+1"]
[WhiteFideId "2226332"]
[BlackFideId "409200"]
[WhiteElo "2634"]
[BlackElo "2558"]
[WhiteTeam "ESP"]
[BlackTeam "ENG"]
[WhiteClock "0:00:07"]
[BlackClock "0:00:00"]

1. e4 g6 2. d4 Bg7 3. Nc3 d6 4. Be3 a6 5. Nf3 Nf6 6. Qd2 O-O 7. Bh6 Bg4 8. Nh4 Nc6 9. d5 Nb8 10. h3 Bc8 11. Bxg7 Kxg7 12. Nf3 c6 13. O-O-O b5 14. Bd3 b4 15. Ne2 Qa5 16. Kb1 cxd5 17. exd5 Nbd7 18. Ned4 Qxd5 19. Qxb4 Rb8 20. Qd2 e5 21. Nb3 e4 22. Bxe4 Qxe4 23. Qxd6 Rb6 24. Qg3 Rc6 25. Nfd4 Rb6 26. Rhe1 Qb7 27. Nf5+ Kh8 28. Nd6 Qb8 29. Re7 Kg8 30. Qd3 a5 31. a4 Ba6 32. Qd4 Rxb3 33. cxb3 Qxb3 34. Re3 Qb8 35. g4 Rd8 36. g5 Nh5 37. Qd5 Rf8 38. Re7 Ne5 39. Rxe5 Qb3 40. Qxb3 1-0

[Event "November 21 Late 2023"]
[Site "https://www.chess.com"]
[Date "2023.11.21"]
[Round "6"]
[White "Shimanov, Aleksandr"]
[Black "Skvortsov, Andrei"]
[Result "1/2-1/2"]
[Board "17"]
[TimeControl "180+1"]
[WhiteFideId "4198603"]
[BlackFideId "24108600"]
[WhiteElo "2611"]
[BlackElo "2357"]
[WhiteTeam "RUS"]
[BlackTeam "MNE"]
[WhiteClock "0:00:19"]
[BlackClock "0:00:06"]

1. c4 e5 2. g3 Nf6 3. Bg2 Bc5 4. Nc3 O-O 5. Nf3 Nc6 6. O-O d6 7. e3 a6 8. d4 exd4 9. exd4 Ba7 10. h3 Re8 11. b3 Ne7 12. Bb2 Ng6 13. Qc2 c6 14. Rfe1 d5 15. Rad1 Rxe1+ 16. Rxe1 dxc4 17. bxc4 Be6 18. Bf1 Qd7 19. Ne5 Qxd4 20. Ne4 Qd8 21. Nxf6+ Qxf6 22. Nxc6 Qxf2+ 23. Qxf2 Bxf2+ 24. Kxf2 bxc6 25. Rd1 Rb8 26. Bc3 Ne7 27. g4 h6 28. Be5 Rb4 29. Rd8+ Kh7 30. Bd3+ Ng6 31. c5 Ra4 32. Rd6 Rxa2+ 33. Ke3 Ra3 34. Kd2 Rxd3+ 35. Kxd3 Nxe5+ 36. Kd4 Nf3+ 37. Ke3 Ne5 38. Kd4 Nf3+ 39. Ke3 Ne5 40. Ke4 Nd7 41. Rxc6 Nf6+ 42. Kd4 Kg6 43. Rxa6 Kg5 44. c6 Ne8 45. Ra7 Kh4 46. Ke5 Kxh3 47. Re7 Nf6 48. c7 Nxg4+ 49. Kf4 Bc8 50. Re8 g5+ 51. Kf3 Bb7+ 52. Ke2 Ba6+ 53. Kd2 Nf6 54. Ra8 Bb7 55. Rb8 Ba6 56. Rb6 Nd5 57. Rxa6 Nxc7 58. Rxh6+ Kg4 59. Rf6 Nd5 60. Rxf7 Nf4 61. Ke3 Ng6 62. Ke4 Nf4 63. Ra7 Nh5 64. Ra1 Ng3+ 65. Ke3 Nf5+ 66. Kf2 Nh4 67. Ra4+ Kf5 68. Kg3 Ng6 69. Ra5+ Ne5 70. Rb5 Kf6 71. Kf2 Ng4+ 72. Kf3 Ne5+ 73. Ke4 Nf7 74. Rb6+ Ke7 75. Kf5 Nd6+ 76. Kxg5 Ke6 77. Ra6 Ke5 78. Ra5+ Ke4 79. Ra6 Nc4 80. Re6+ Kd5 81. Kf6 Nd6 82. Re1 Ne4+ 83. Kf5 Nc3 84. Rh1 Nb5 85. Rd1+ Nd4+ 86. Kf4 Kc4 87. Ke4 Nb3 88. Rh1 Nc5+ 89. Ke3 Kd5 90. Rh5+ Kc4 91. Rg5 Nb3 92. Rg4+ Kd5 93. Kd3 Nc5+ 94. Ke3 Nb3 95. Rb4 Nc5 96. Kd2 Ne4+ 97. Kd3 Nc5+ 98. Ke3 Na6 99. Rd4+ Ke5 100. Rh4 Nc5 101. Rh5+ Kd6 102. Kd4 Ne6+ 103. Kc4 Ke7 104. Rf5 Kd6 105. Rf1 Ke5 106. Re1+ Kd6 107. Rd1+ Ke5 108. Rf1 Kd6 109. Rf5 Ng7 110. Rd5+ Ke6 111. Rg5 Kf6 112. Rg1 Ne6 113. Kd5 Nf4+ 114. Ke4 Ng6 115. Rxg6+ Kxg6 1/2-1/2

[Event "November 21 Late 2023"]
[Site "https://www.chess.com"]
[Date "2023.11.21"]
[Round "6"]
[White "Zhigalko, Sergei"]
[Black "Jarmula, Lukasz"]
[Result "1-0"]
[Board "18"]
[TimeControl "180+1"]
[WhiteFideId "13502956"]
[BlackFideId "1160664"]
[WhiteElo "2616"]
[BlackElo "2372"]
[WhiteTeam "BLR"]
[BlackTeam "POL"]
[WhiteClock "0:00:04"]
[BlackClock "0:00:06"]

1. e4 c6 2. d4 d5 3. e5 Bf5 4. Nf3 e6 5. Be2 Nd7 6. O-O a5 7. Nbd2 a4 8. Re1 h6 9. Nf1 Ne7 10. Ng3 Bg6 11. Bd3 Bxd3 12. Qxd3 c5 13. c3 Nc6 14. Be3 Qb6 15. Qd2 Na5 16. dxc5 Bxc5 17. Bxc5 Nxc5 18. Rab1 Nc4 19. Qd4 Nd7 20. Qf4 Qd8 21. h4 Qe7 22. b3 axb3 23. axb3 Ncb6 24. Nh5 g6 25. Nf6+ Nxf6 26. exf6 Qc5 27. c4 Ra2 28. Nd4 Kd7 29. Ra1 Rha8 30. Rxa2 Rxa2 31. Rd1 Nc8 32. Qxh6 e5 33. b4 Qb6 34. Qf8 Qxf6 35. Nf3 d4 36. Re1 e4 37. Rxe4 Ra1+ 38. Kh2 Qd6+ 39. Qxd6+ Nxd6 40. Rxd4 Ke6 41. c5 Nf5 42. Rd8 Rb1 43. b5 Ke7 44. Rb8 Rxb5 45. g4 Ng7 46. Nd4 Rxc5 47. Rxb7+ Kf8 48. Rb8+ Ke7 49. Rb7+ Kf8 50. Kg3 Rd5 51. Rb8+ Ke7 52. Rb7+ Kf8 53. Rb8+ Ke7 54. Nc6+ Kd7 55. Nb4 Rd4 56. Rb7+ Ke6 57. Nc6 Rd3+ 58. f3 Rc3 59. Nd8+ Kd6 60. Rxf7 Ne8 61. Nb7+ Ke6 62. Nd8+ Kd6 63. Rf4 Nc7 64. Nf7+ Ke7 65. Ne5 Ne6 66. Nxg6+ Kd6 67. Rf6 Kd5 68. Nf4+ 1-0

[Event "November 21 Late 2023"]
[Site "https://www.chess.com"]
[Date "2023.11.21"]
[Round "6"]
[White "Zakaryan, David"]
[Black "Tactrics"]
[Result "0-1"]
[Board "19"]
[TimeControl "180+1"]
[WhiteFideId "24101923"]
[WhiteElo "2323"]
[BlackElo "2907"]
[WhiteTeam "RUS"]
[WhiteClock "0:00:10"]
[BlackClock "0:00:07"]

1. d4 e6 2. Nf3 Nf6 3. c4 Bb4+ 4. Bd2 Qe7 5. g3 Nc6 6. Bg2 Bxd2+ 7. Qxd2 Ne4 8. Qc2 Qb4+ 9. Kf1 d5 10. b3 O-O 11. a3 Qd6 12. Nc3 f5 13. e3 Bd7 14. Nb5 Qe7 15. cxd5 exd5 16. Nxc7 Rac8 17. Nxd5 Qf7 18. Nc3 Na5 19. Ne5 Rxc3 20. Qxc3 Nxc3 21. Nxf7 Kxf7 22. Rc1 Rc8 23. Bf3 Nxb3 24. Rc2 b6 25. Kg2 Kf6 26. Bb7 Rc7 27. Bf3 a5 28. Rd1 Bb5 29. d5 Rc5 30. Re1 g5 31. h3 Bd3 32. Rb2 a4 33. g4 Be4 34. gxf5 Kxf5 35. Bxe4+ Kxe4 36. f3+ Ke5 37. Kg3 Nxd5 38. Rh2 Rc3 39. h4 h6 40. hxg5 hxg5 41. Kg4 b5 42. Kxg5 b4 43. f4+ Ke4 44. f5 bxa3 45. Rh4+ Kd3 46. Rxa4 Nd2 47. e4 Nf3+ 48. Kg6 Nxe1 49. e5 Nf3 50. e6 Ne5+ 51. Kg7 Rc7+ 52. Kh6 Nc4 53. Rxa3+ Nxa3 54. f6 Nxf6 55. Kg6 Ne8 56. Kf5 Re7 57. Ke5 Nc7 58. Kd6 Rxe6+ 59. Kc5 Na6+ 60. Kd5 Rb6 61. Ke5 Nc4+ 62. Kd5 Rd6# 0-1

[Event "November 21 Late 2023"]
[Site "https://www.chess.com"]
[Date "2023.11.21"]
[Round "6"]
[White "Tang, Andrew"]
[Black "Krysa, Leandro"]
[Result "0-1"]
[Board "20"]
[TimeControl "180+1"]
[WhiteFideId "2059630"]
[BlackFideId "116807"]
[WhiteElo "2589"]
[BlackElo "2495"]
[WhiteTeam "USA"]
[BlackTeam "ARG"]
[WhiteClock "0:00:00"]
[BlackClock "0:00:29"]

1. d4 Nf6 2. c4 g6 3. f3 d5 4. cxd5 Nxd5 5. e4 Nb6 6. Nc3 Bg7 7. Be3 O-O 8. Qd2 e5 9. d5 c6 10. h4 cxd5 11. exd5 N8d7 12. h5 Nf6 13. hxg6 fxg6 14. O-O-O e4 15. Nh3 exf3 16. gxf3 Bf5 17. Ng5 Rc8 18. Qh2 Nbxd5 19. Nxh7 Nxc3 20. Rxd8 Nxa2+ 21. Kd1 Rfxd8+ 22. Ke1 Nd5 23. Qd2 Nab4 24. Bg5 Re8+ 25. Kd1 Bc2+ 26. Kc1 Be4+ 0-1

[Event "November 21 Late 2023"]
[Site "https://www.chess.com"]
[Date "2023.11.21"]
[Round "6"]
[White "Olsen, Filip Boe"]
[Black "Sjugirov, Sanan"]
[Result "0-1"]
[Board "21"]
[TimeControl "180+1"]
[WhiteFideId "1440640"]
[BlackFideId "4189302"]
[WhiteElo "2322"]
[BlackElo "2569"]
[WhiteTeam "DEN"]
[BlackTeam "HUN"]
[WhiteClock "0:00:30"]
[BlackClock "0:00:28"]

1. Nf3 d5 2. g3 Bg4 3. Bg2 Nd7 4. h3 Bh5 5. O-O c6 6. c4 e6 7. cxd5 exd5 8. d4 Bd6 9. Qb3 Qb6 10. Qe3+ Ne7 11. Nc3 O-O 12. Nh4 Rae8 13. Qd3 f5 14. Bf4 Bxf4 15. gxf4 Nf6 16. Nf3 Bxf3 17. Bxf3 Ne4 18. Rab1 Ng6 19. e3 Nh4 20. Bh5 Re6 21. Kh2 Rh6 22. Be2 Rg6 23. Nxe4 fxe4 24. Qd1 Rg2+ 25. Kh1 Rf6 26. Rg1 Rxg1+ 27. Qxg1 Rg6 28. Qe1 c5 29. dxc5 Qe6 30. Bg4 Rxg4 31. hxg4 Qxg4 32. Qf1 Nf3 0-1

[Event "November 21 Late 2023"]
[Site "https://www.chess.com"]
[Date "2023.11.21"]
[Round "6"]
[White "Kovalev, Vladislav"]
[Black "Vlassov, Nikolai"]
[Result "1-0"]
[Board "22"]
[TimeControl "180+1"]
[WhiteFideId "13504398"]
[BlackFideId "4103360"]
[WhiteElo "2539"]
[BlackElo "2324"]
[WhiteTeam "FID"]
[BlackTeam "FID"]
[WhiteClock "0:01:38"]
[BlackClock "0:00:53"]

1. e4 Nc6 2. Nc3 Nf6 3. d4 d5 4. e5 Nd7 5. f4 Nb6 6. Nf3 Bg4 7. Be3 e6 8. h3 Bxf3 9. Qxf3 Bb4 10. Bd3 Na4 11. a3 Ba5 12. b4 Nxc3 13. bxa5 a6 14. O-O Nb5 15. f5 Nbxd4 16. Qg4 Nxf5 17. Bxf5 exf5 18. Qxg7 Kd7 19. Rxf5 Kc8 20. Rxf7 Re8 21. Bg5 Rg8 22. Rxc7+ 1-0